 Dungeon Crawl Stone Soup version 0.29.1-2-gbd0b4ee654 (webtiles) character file.

Game seed: 10697553558028491263

647 croobank the Fighter (level 7, 0/63 HPs)
             Began as a Human Fighter on Nov 28, 2022.
             Slain by a troll (12 damage)
             ... on level 4 of the Dungeon.
             The game lasted 00:14:06 (4902 turns).

croobank the Fighter (Human Fighter)                Turns: 4902, Time: 00:14:07

Health: 0/63       AC:  4    Str: 18    XL:     7   Next: 82%
Magic:  7/7        EV:  9    Int:  8    God:
Gold:   124        SH:  5    Dex: 15    Spells: 6/6 levels left

rFire   . . .      SeeInvis .   a - +0 war axe
rCold   . . .      Faith    .   c - +0 buckler
rNeg    . . .      Spirit   .   b - +0 scale mail
rPois   .          Reflect  .   (helmet restricted)
rElec   .          Harm     .   (no cloak)
rCorr   .          Rampage  .   (no gloves)
Will    .....                   m - +0 pair of boots
Stlth   +.........              (no amulet)
HPRegen 0.20/turn               o - +4 ring of slaying
MPRegen 0.10/turn               (no ring)

@: no status effects
A: horns 1, thin skeletal structure 1, deformed body
a: no special abilities


You were on level 4 of the Dungeon.
You visited 1 branch of the dungeon, and saw 5 of its levels.

You collected 124 gold pieces.

Inventory:

Hand Weapons
 a - a +0 war axe (weapon)
Armour
 b - a +0 scale mail (worn)
 c - a +0 buckler (worn)
 e - a +0 helmet
 m - a +0 pair of boots (worn)
Jewellery
 o - a +4 ring of slaying (left hand)
Scrolls
 d - a scroll of identify
 h - a scroll of immolation
 k - a scroll of teleportation
Potions
 f - 2 potions of attraction
 s - 2 potions of magic


   Skills:
 + Level 8.5 Fighting
 - Level 2.0 Axes
 - Level 3.0 Armour
 - Level 3.0 Shields


You had 6 spell levels left.
You didn't know any spells.
Your spell library contained the following spells:

 Spells                   Type           Power      Damage    Failure   Level
 Call Canine Familiar     Summ           0%         N/A       99%         3
 Ignite Poison            Fire/Tmut/Pois 0%         N/A       99%         3
 Mephitic Cloud           Conj/Pois/Air  0%         N/A       99%         3
 Ozocubu's Armour         Ice            0%         N/A       99%         3
 Portal Projectile        Hex/Tloc       0%         N/A       99%         3
 Leda's Liquefaction      Hex/Erth       0%         N/A       100%        4
 Freezing Cloud           Conj/Ice/Air   0%         6-21      100%        5
 Metabolic Englaciation   Hex/Ice        0%         N/A       100%        5
 Simulacrum               Ice/Necr       0%         N/A       100%        6


Dungeon Overview and Level Annotations

Branches:
Dungeon (5/15)
 Temple: D:4-7

Altars:
Uskayaw
Wu Jian

Annotations:
D:1 1 transporter
D:3 2 transporters, Rudyous's ghost, weakling MiFi
D:5 Blork the orc


Innate Abilities, Weirdness & Mutations

You have a pair of small horns on your head.
You have a somewhat thin skeletal structure. (Dex +2, Stealth+)
Armour fits poorly on your strangely shaped body.


Message History

You block the troll's attack.
The centaur hits you with a +0 short sword.
The centaur kicks you but does no damage.
You climb upwards.
There is a stone staircase leading down here.
What are your orders? t - Shout!
Orders for allies: a - Attack new target. r - Retreat! s - Stop attacking. g - Guard the area. f - Follow me.
Anything else - Cancel.
Gang up on whom?
Press: ? - help, Dir - move target, f - troll
Aim: a troll
Okay, then.
What are your orders? t - Shout!
Orders for allies: a - Attack new target. r - Retreat! s - Stop attacking. g - Guard the area. f - Follow me.
Anything else - Cancel.
Gang up on whom?
Press: ? - help, Dir - move target, f - centaur
Aim: a centaur, wielding a +0 short sword, wearing an amulet of magic regeneration and quivering stones (severely wounded)
Okay, then.
Okay, then.
Okay, then.
You slash the troll! Your headbutt misses the troll.
The troll is moderately wounded.
You slash the centaur!
You kill the centaur!
The troll bites you. The troll claws you but does no damage.
The troll claws you. The troll closely misses you. x2
The troll claws you but does no damage.
You closely miss the troll.
The troll is moderately wounded.
You block the troll's attack. The troll claws you!
* * * LOW HITPOINT WARNING * * *
The troll claws you!
You die...

# #......#(..........#######.## #
##.#####.........###.....§§§# #
#.............#.# #.§≈≈≈≈≈.#
#########....##.##.#[# #.≈≈≈§≈≈.#
.................#.#.###.≈§⌠§≈§§.
.............##..........§§.§§≈§§
...................##.##.≈≈≈≈≈≈..
.........###.##....##.##.≈≈≈≈≈≈..
.........# #.#.T@#.#...#.........
.........# #.#.).#............##.
.........# #.#...<#......§§#####.
.........###.######..####..#####.
####.#.........# #..## #......#.
#..#.#####.#.####...# #.####.##
#..)..# #.#........###<####.#
#.##..# #.######.#..........##
#.....# #.# #.#............


You could see a troll.

Vanquished Creatures
  A black bear (D:5)
  A centaur (D:4)
  An ogre (D:5)
  2 necrophages
  A jelly (D:4)
  An iguana (D:5)
  A gnoll (D:1)
  5 adders
  2 worms
  2 dart slugs
  An orc (D:4)
  7 ball pythons
  6 bats (D:1)
  6 endoplasms
  8 giant cockroaches
  2 goblins
  4 hobgoblins
  7 jackals
  3 quokkas
  A frilled lizard (D:1)
  5 kobolds
  5 rats
72 creatures vanquished.

Vanquished Creatures (collateral kills)
  An ogre (D:5)
1 creature vanquished.

Grand Total: 73 creatures vanquished

Notes
Turn   | Place    | Note
-------+----------+-------------------------------------------
     0 | D:1      | croobank the Human Fighter began the quest for the Orb.
     0 | D:1      | Reached XP level 1. HP: 18/18 MP: 1/1
    54 | D:1      | Reached XP level 2. HP: 22/24 MP: 2/2
   333 | D:1      | Reached skill level 4 in Fighting
   333 | D:1      | Reached XP level 3. HP: 30/30 MP: 3/3
   423 | D:1      | Found a faded altar of an unknown god.
  1030 | D:2      | Found a hide-covered altar of Uskayaw.
  1199 | D:2      | Reached XP level 4. HP: 38/38 MP: 4/4
  1354 | D:2      | Reached skill level 5 in Fighting
  1655 | D:2      | Reached XP level 5. HP: 44/44 MP: 5/5
  2087 | D:3      | Found a transporter.
  2088 | D:3      | Found a transporter.
  2097 | D:3      | Noticed Rudyous's ghost (weakling MiFi)
  2098 | D:3      | Noticed an ogre
  2098 | D:3      | Identified the +8 dire flail "Ankyci Ute" {elec, Dex+3}
  2098 | D:3      | Noticed an ogre
  2256 | D:4      | Found an ornate altar of the Wu Jian Council.
  2833 | D:5      | Entered Level 5 of the Dungeon
  2844 | D:5      | Noticed a centaur
  3163 | D:5      | Reached skill level 6 in Fighting
  3163 | D:5      | Reached XP level 6. HP: 47/53 MP: 6/6
  3191 | D:5      | Noticed an ogre
  3198 | D:5      | Killed an ogre
  3199 | D:5      | Reached skill level 7 in Fighting
  3351 | D:5      | Noticed a water moccasin
  3400 | D:5      | Noticed Blork the orc
  3422 | D:4      | Gained mutation: You have a somewhat thin skeletal
                  | structure. (Dex +2, Stealth+) [potion of mutation]
  3422 | D:4      | Gained mutation: Armour fits poorly on your strangely
                  | shaped body. [potion of mutation]
  3422 | D:4      | Gained mutation: You have a pair of small horns on your
                  | head. [potion of mutation]
  3449 | D:3      | Reached XP level 7. HP: 49/60 MP: 7/7
  4642 | D:5      | Reached skill level 8 in Fighting
  4649 | D:5      | Noticed a troll
  4902 | D:4      | Slain by a troll

Illustrated notes

Levels and vault maps discovered:
D:1:      spicycebolla_arrival_risky_transporter, layout_basic,
          chequers_ecumenical_altar_twisty, minmay_misc_feat_five
D:2:      layout_rooms, basic_altar, nicolae_concentric_dashed_squares_wild,
          minmay_heptomino_o4
D:3:      layout_basic, gammafunk_ghost_smash
D:4:      layout_basic, general_overflow_altar
D:5:      cheibrodos_fzero, layout_loops_cross, mainiacjoe_overflow_swirl,
          kennysheep_donut, uniq_duvessa, uniq_eustachio, uniq_blork_the_orc

Skill      XL: |  1  2  3  4  5  6  7 |
---------------+----------------------+-----
Fighting       | 4 5 6 7 8 |  8.5
Axes           | |  2.0
Armour         | |  3.0
Shields        | |  3.0

Action                   |  1- 3 |  4- 6 |  7- 9 || total
-------------------------+-------+-------+-------++-------
Melee: War axe           |    93 |   100 |    12 ||   205
       Headbutt          |       |       |     3 ||     3
Throw: Throwing net      |       |     1 |       ||     1
  Use: Scroll            |       |    13 |     1 ||    14
       Potion            |       |     1 |     2 ||     3
 Stab: Distracted        |     1 |       |       ||     1
Armor: Scale mail        |    72 |    53 |    10 ||   135
Dodge: Dodged            |    62 |    48 |    17 ||   127
Block: Buckler           |    32 |    27 |     5 ||    64
